 Dungeon Crawl Stone Soup version 0.20.1-1-g8b1a95d (webtiles) character file.

636 Folque the Magician (level 7, 0/48 HPs)
             Began as an Octopode Wizard on Oct 30, 2017.
             Slain by an iguana (15 damage)
             ... on level 4 of the Dungeon.
             The game lasted 00:35:58 (4748 turns).

Folque the Magician (Octopode Wizard)               Turns: 4748, Time: 00:35:58

Health: 0/48       AC:  1    Str:  7    XL:     7   Next: 50%
Magic:  0/13       EV: 13    Int: 22    God:
Gold:   208        SH:  0    Dex: 10    Spells: 6/15 levels left

rFire    . . .     SeeInvis .   k - +0 spear
rCold    . . .     Gourm    .   (no shield)
rNeg     . . .     Faith    .   a - +0 hat
rPois    .         Spirit   .   f - amulet of regeneration
rElec    .         Reflect  .   (no ring)
rCorr    .         Harm     .   (no ring)
MR       .....                  (no ring)
Stlth    +++.......             (no ring)
Regen    0.6/turn               (no ring)
MPRegen  0.2/turn               (no ring)
                                (no ring)
                                (no ring)

@: no status effects
A: almost no armour, stealthy swim, amphibious, 8 rings, constrict 8, camouflage
1, gelatinous body 1
a: no special abilities


You were on level 4 of the Dungeon.
You were hungry.

You visited 1 branch of the dungeon, and saw 5 of its levels.
You also visited: Sewer.

You collected 238 gold pieces.
You spent 30 gold pieces at shops.

Inventory:

Hand Weapons
 g - a +0 short sword
 k - a +0 spear (weapon)
Missiles
 x - a throwing net (quivered)
Armour
 a - a +0 hat (worn)
 j - a +0 buckler
 r - a +2 buckler
Jewellery
 f - an amulet of regeneration (around mantle)
 w - an uncursed amulet of faith {unknown}
Wands
 m - a wand of confusion (18/48)
 u - a wand of confusion (26/48)
 z - a wand of enslavement (14/24)
Scrolls
 o - 6 scrolls of teleportation
 p - a scroll of summoning {unknown}
 s - a scroll of recharging
 t - a scroll of noise {unknown}
 v - a scroll of remove curse
Potions
 e - 2 potions of agility {unknown}
 l - 4 potions of flight
 n - a potion of curing {unknown}
Books
 b - a book of Minor Magic

   Spells                             Type                      Level
   a - Magic Dart                     Conjuration                  1
   b - Blink                          Translocation                2
   c - Call Imp                       Summoning                    2
   d - Slow                           Hexes                        2
   e - Conjure Flame                  Conjuration/Fire             3
   f - Mephitic Cloud                 Conjuration/Poison/Air       3
 y - a book of Air

   Spells                             Type                      Level
   a - Shock                          Conjuration/Air              1
   b - Swiftness                      Charms/Air                   2
   c - Static Discharge               Conjuration/Air              3
   d - Airstrike                      Air                          4
   e - Lightning Bolt                 Conjuration/Air              5
Comestibles
 c - 3 bread rations
 d - 2 chunks of flesh
 h - 2 meat rations
 i - 2 royal jellies
 q - a fruit


   Skills:
 - Level 4.0 Fighting
 - Level 2.0 Dodging
 - Level 2.6 Stealth
 + Level 4.6 Spellcasting
 * Level 3.9 Conjurations
 - Level 1.0 Summonings
 - Level 1.0 Translocations
 - Level 4.0 Poison Magic


You had 6 spell levels left.
You knew the following spells:

 Your Spells              Type           Power        Failure   Level  Hunger
a - Magic Dart            Conj           ###.         2%          1    None
b - Call Imp              Summ           #.......     11%         2    None
c - Blink                 Tloc           N/A          11%         2    None
d - Mephitic Cloud        Conj/Pois/Air  ###.....     11%         3    ##.....
e - Shock                 Conj/Air       ##..         4%          1    None


Dungeon Overview and Level Annotations

Branches:
Dungeon (5/15)
 Temple: D:4-7

Altars:
Elyvilon
Gozag

Shops:
D:4 ?

Annotations:
D:3 Grinder


Innate Abilities, Weirdness & Mutations

You cannot wear most types of armour.
You are very stealthy in the water. (Stealth+)
You are amphibious.
You can wear up to eight rings at the same time.
You can use your tentacles to constrict eight enemies at once.
Your skin changes colour to match your surroundings (Stealth+).
Your rubbery body absorbs attacks. (AC +1, EV +1)


Message History

The iguana is heavily wounded.
You constrict the iguana, but do no damage.
The iguana bites you!
Casting: Call Imp
Confirm with . or Enter, or press ? or * to list all spells.
Aiming: Shock
Press: ? - help, Shift-Dir - straight line The zap hits the iguana.
The iguana is heavily wounded.
You constrict the iguana. The iguana bites you.
* * * LOW HITPOINT WARNING * * *
Casting: Shock
Confirm with . or Enter, or press ? or * to list all spells.
Aiming: Shock
Press: ? - help, Shift-Dir - straight line The zap hits the iguana.
The iguana is almost dead.
You constrict the iguana, but do no damage.
The iguana bites you!
You die...

.#.### #....(<...#######
...# ##...#....# .###
#......#.# ...# #..##.##.#
##.#######.##.##.#
#..........#.##.###########
####รท........##...........#
#...[.#.....l..........#
#.....##....@..........#
#.....##...............#
##....##..##...........#
#..<.+...##...........#
#....###..#...........#
#....# ##.#...........#
#....# #.............#
######....#####...........##
..........................#


You could see an iguana.

Vanquished Creatures
  A scorpion (D:4)
  2 orc priests
  A worker ant (D:4)
  3 gnolls
  7 adders
  2 oozes
  A worm (D:2)
  A dart slug (D:5)
  3 leopard geckos
  4 orcs
  8 giant cockroaches
  4 goblins
  8 hobgoblins
  4 jackals
  6 kobolds
  2 quokkas (D:3)
  4 ball pythons
  7 bats
  5 frilled lizards
  A jackal skeleton (D:4)
  23 rats
97 creatures vanquished.

Vanquished Creatures (collateral kills)
  2 ogres
  5 orc priests
  An orc wizard (D:4)
  A merfolk avatar (Sewer)
  2 merfolk sirens (Sewer)
  4 gnolls
  4 adders
  A river rat (Sewer)
  2 worms
  12 orcs
  3 ball pythons (Sewer)
  5 giant cockroaches
  2 jackals (D:4)
  A frilled lizard (Sewer)
  A leopard gecko zombie (D:5)
  11 rats
57 creatures vanquished.

Grand Total: 154 creatures vanquished

Notes
Turn   | Place    | Note
-------+----------+-------------------------------------------
     0 | D:1      | Folque the Octopode Wizard began the quest for the Orb.
     0 | D:1      | Reached XP level 1. HP: 11/11 MP: 4/4
    93 | D:1      | Reached skill level 1 in Fighting
   142 | D:1      | Reached XP level 2. HP: 14/18 MP: 0/6
   736 | D:1      | Learned a level 2 spell: Call Imp
   739 | D:1      | Learned a level 2 spell: Blink
   809 | D:2      | Found an opulent altar of Gozag.
   836 | D:2      | Reached XP level 3. HP: 24/24 MP: 7/7
   848 | D:2      | Learned a level 3 spell: Mephitic Cloud
  1259 | D:2      | Reached XP level 4. HP: 12/30 MP: 2/9
  1778 | D:3      | Found a glowing drain.
  1872 | Sewer    | Entered a sewer
  1953 | Sewer    | Reached XP level 5. HP: 28/36 MP: 4/11
  2173 | Sewer    | Reached skill level 1 in Poison Magic
  2365 | Sewer    | Noticed a malarious merfolk avatar
  2375 | Sewer    | Killed a malarious merfolk avatar
  2713 | D:3      | Noticed Grinder
  2798 | D:3      | Found a white marble altar of Elyvilon.
  3073 | D:3      | Reached XP level 6. HP: 43/43 MP: 12/12
  3783 | D:4      | Found Xueckut's Magic Scroll Emporium.
  3879 | D:4      | Bought a scroll of remove curse for 30 gold pieces
  4215 | D:4      | Reached XP level 7. HP: 24/48 MP: 2/13
  4584 | D:5      | Entered Level 5 of the Dungeon
  4637 | D:5      | Learned a level 1 spell: Shock
  4748 | D:4      | Slain by an iguana

Skill      XL: |  1  2  3  4  5  6  7 |
---------------+----------------------+-----
Fighting       | 1 2 3 4 |  4.0
Spellcasting   | 4 |  4.6
Poison Magic   | 2 3 4 |  4.0
Conjurations   | 3 |  3.9
Dodging        | |  2.0
Stealth        | |  2.6
Summonings     | |  1.0
Translocations | |  1.0

Action                   |  1- 3 |  4- 6 |  7- 9 || total
-------------------------+-------+-------+-------++-------
Melee: Unarmed           |     5 |       |       ||     5
       Constrict         |    12 |    25 |     5 ||    42
       Club              |     4 |       |       ||     4
       Tentacles         |    11 |     9 |     7 ||    27
       Short sword       |    37 |    14 |       ||    51
       Spear             |       |   128 |    42 ||   170
 Cast: Magic Dart        |    28 |    48 |    21 ||    97
       Call Imp          |     7 |    48 |    10 ||    65
       Blink             |       |     3 |     1 ||     4
       Mephitic Cloud    |       |     3 |     3 ||     6
       Shock             |       |       |     6 ||     6
  Use: Scroll            |     1 |     5 |       ||     6
       Potion            |       |     1 |       ||     1
 Stab: Sleeping          |     7 |    12 |     1 ||    20
  Eat: Chunk             |     1 |    10 |     2 ||    13
Armor: Skin              |     2 |    10 |       ||    12
Dodge: Dodged            |    23 |    76 |    13 ||   112
